 Dungeon Crawl Stone Soup version 0.29-a0-303-ge4682ce883 (webtiles) character file.

Game seed: 7211835204903245646

40 kae the Firebug (level 3, -2/20 HPs)
             Began as a Tengu Fire Elementalist on Mar 25, 2022.
             Slain by a jackal (3 damage)
             ... on level 2 of the Dungeon.
             The game lasted 00:00:50 (1558 turns).

kae the Firebug (Tengu Fire Elementalist)           Turns: 1558, Time: 00:00:51

Health: -2/20      AC:  2    Str:  8    XL:     3   Next: 50%
Magic:  6/7        EV: 12    Int: 17    God:
Gold:   53         SH:  0    Dex: 14    Spells: 3/6 levels left

rFire   . . .      SeeInvis .   d - +0 whip (elec)
rCold   . . .      Faith    .   (no shield)
rNeg    . . .      Spirit   .   a - +0 robe
rPois   .          Reflect  .   (helmet restricted)
rElec   .          Harm     .   (no cloak)
rCorr   .          Rampage  .   (no gloves)
Will    .....                   (boots unavailable)
Stlth   ++........              (no amulet)
HPRegen 0.06/turn               (no ring)
MPRegen 0.10/turn               (no ring)

@: no status effects
A: beak, talons 3
a: no special abilities


You were on level 2 of the Dungeon.
You visited 1 branch of the dungeon, and saw 2 of its levels.

You collected 53 gold pieces.

Inventory:

Hand Weapons
 d - a +0 whip of electrocution (weapon)
Missiles
 h - a throwing net
Armour
 a - a +0 robe (worn)
Scrolls
 c - a scroll of enchant weapon {unknown}
 g - 2 scrolls of summoning {unknown}
 j - a scroll of blinking {unknown}
 k - 2 scrolls of identify {unknown}
Potions
 b - a potion of magic
 e - a potion of mutation {unknown}
 f - a potion of haste {unknown}
 i - a potion of lignification {unknown}


   Skills:
 + Level 0.8 Fighting
 + Level 0.9 Armour
 + Level 2.5 Dodging
 - Level 2.0 Stealth
 + Level 2.2 Spellcasting
 + Level 2.1 Conjurations
 * Level 3.8 Fire Magic


You had 3 spell levels left.
You knew the following spells:

 Your Spells              Type           Power      Damage    Failure   Level
a - Foxfire               Conj/Fire      48%        2x1d6     5%          1
b - Scorch                Fire           30%        2d7       6%          2

Your spell library contained the following spells:

 Spells                   Type           Power      Damage    Failure   Level
 Shock                    Conj/Air       20%        1d4       12%         1
 Conjure Flame            Conj/Fire      12%        6-21      17%         3
 Inner Flame              Hex/Fire       8%         N/A       26%         3
 Call Canine Familiar     Summ           1%         N/A       50%         3
 Portal Projectile        Hex/Tloc       2%         N/A       50%         3
 Swiftness                Air            1%         N/A       50%         3
 Flame Wave               Conj/Fire      12%        2d6       50%         4
 Airstrike                Air            0%         N/A       88%         4
 Leda's Liquefaction      Hex/Erth       0%         N/A       88%         4


Dungeon Overview and Level Annotations

Branches:
Dungeon (2/15)

Altars:


Innate Abilities, Weirdness & Mutations

You have a beak for a mouth.
You have claws for feet.


Message History

You are very lightly contaminated with residual magic.
Nothing appears to happen.
The jackal completely misses you. The jackal barely misses you.
A jackal comes into view.
The jackal attacks as you move away! The jackal bites you.
The adder attacks as you move away! The adder closely misses you.
The jackal bites you. The jackal attacks as you move away!
The jackal barely misses you. The adder bites you but does no damage.
The adder attacks as you move away! The adder bites you.
You are poisoned.
The adder poisons you! The jackal attacks as you move away!
The jackal bites you.
You feel sick. The adder closely misses you.
You feel sick. The jackal bites you.
You feel sick.
The jackal enters a dispersal trap!
The jackal blinks! x2
You blink.
You feel sick. The adder completely misses you. The jackal closely misses you.
Your magical contamination has completely faded away.
You hit the adder. Your kick misses the adder.
The adder is moderately wounded.
You feel sick.
You are no longer poisoned.
The adder bites you.
* * * LOW HITPOINT WARNING * * *
The jackal closely misses you. x2; The adder barely misses you.
Okay, then.
Okay, then.
The jackal attacks as you move away! The jackal closely misses you.
The jackal bites you.
* * * LOW HITPOINT WARNING * * *
The jackal stops to sniff the ground.
The jackal bites you.
* * * LOW HITPOINT WARNING * * *
The jackal bites you.
* * * LOW HITPOINT WARNING * * *
The jackal attacks as you move away! The jackal closely misses you.
The jackal attacks as you move away!
The jackal bites you but does no damage.
The adder completely misses you. The jackal bites you.
You die...

.?.....>.?.....#
...............#
...............#
...............#
#######h#......#
####
#####.#......#
...#
#............#
####
#.###.#...Shh#
#.# #(...hh@##
#.# #######.#
#.# #.# ######.#
#.# .......# ###
########


You could see an adder and 4 jackals.

Vanquished Creatures
  A worm (D:1)
  2 dart slugs (D:1)
  2 bats
  5 endoplasms
  3 giant cockroaches (D:1)
  3 goblins (D:1)
  2 hobgoblins (D:1)
  3 jackals (D:1)
  A quokka (D:1)
  3 frilled lizards (D:1)
  A kobold (D:1)
  3 rats
29 creatures vanquished.

Vanquished Creatures (others)
  7 foxfires (D:1)
7 creatures vanquished.

Grand Total: 36 creatures vanquished

Notes
Turn   | Place    | Note
-------+----------+-------------------------------------------
     0 | D:1      | kae the Tengu Fire Elementalist began the quest for the
                  | Orb.
     0 | D:1      | Reached XP level 1. HP: 10/10 MP: 4/4
     1 | D:1      | Found a runed translucent door.
   222 | D:1      | Reached XP level 2. HP: 15/16 MP: 6/6
   225 | D:1      | Learned a level 2 spell: Scorch
   974 | D:1      | Reached XP level 3. HP: 11/20 MP: 7/7
  1557 | D:2      | HP: 1/20 [jackal (3)]
  1558 | D:2      | Slain by a jackal

Illustrated notes

Levels and vault maps discovered:
D:1:      dpeg_arrival_caged_fury, layout_loops_ring
D:2:      layout_basic, basic_altar

Skill      XL: |  1  2  3 |
---------------+----------+-----
Conjurations   | 2 |  2.1
Fighting       | |  0.8
Armour         | |  0.9
Dodging        | |  2.5
Stealth        | |  2.0
Spellcasting   | |  2.2
Fire Magic     | |  3.8

Action                   || total
-------------------------++-------
Melee: Whip              ||    46
       Kick              ||     6
       Peck              ||     8
 Cast: Foxfire           ||     4
       Scorch            ||    10
  Use: Scroll            ||     2
 Stab: Distracted        ||     1
       Sleeping          ||     1
Armor: Robe              ||    11
Dodge: Dodged            ||    42

Table legend: (Time is in decaauts)
 A = Elapsed time spent in this place.
 B = Non-inter-level travel time spent in this place.
 C = Inter-level travel time spent in this place.
 D = Time resting spent in this place.
 E = Time spent auto-exploring this place.
 F = Levels seen in this place.
 G = Mean time per level.
                   A        B        C        D        E       F      G
               +--------+--------+--------+--------+--------+-----+--------+
         Total |   1561 |   1554 |      7 |    346 |    996 |   2 |  780.5 |
       Dungeon |   1561 |   1554 |      7 |    346 |    996 |   2 |  780.5 |
               +--------+--------+--------+--------+--------+-----+--------+

Top non-repeatable levels by time:
     D:1: 1328 daAuts
     D:2: 233 daAuts
